 Dungeon Crawl Stone Soup version 0.29.1-12-g30fa7ad0bf (webtiles) character file.

Game seed: 11230475512296267613

29986 mampy3000 the Bludgeoner (level 13, -1/119 (123) HPs)
             Began as a Minotaur Berserker on Jan 14, 2023.
             Was an Elder of Trog.
             Slain by a sixfirhy (10 damage)
             ... summoned by an orc sorcerer
             ... on level 2 of the Orcish Mines.
             The game lasted 00:47:54 (13616 turns).

mampy3000 the Bludgeoner (Minotaur Berserker)      Turns: 13616, Time: 00:47:55

HP:   -1/119 (123)  AC: 28    Str: 32    XL:     13   Next: 18%
MP:   12/12         EV: 12    Int:  4    God:    Trog [****..]
Gold: 1069          SH:  9    Dex: 10    Spells: 12/12 levels left

rFire   . . .      SeeInvis +   H - +0 eveningstar (protect)
rCold   . . .      Faith    .   j - +1 kite shield {AC+3}
rNeg    . . .      Spirit   .   q - +5 plate armour
rPois   .          Reflect  .   (helmet restricted)
rElec   .          Harm     .   o - +1 cloak
rCorr   .          Rampage  .   (no gloves)
Will    +++..                   P - +0 pair of boots
Stlth   ..........              (no amulet)
HPRegen 1.29/turn               u - +4 ring of evasion
MPRegen 0.13/turn               e - ring "Tufac" {Will+ Str+5 SInv Stlth-}

@: lethally poisoned (-1 -> -1), strong-willed, on berserk cooldown,
regenerating, slowed, studying Invocations, lightly drained, very slow
A: horns 2, retaliatory headbutt
a: Renounce Religion, Berserk, Trog's Hand, Brothers in Arms


You were on level 2 of the Orcish Mines.
You worshipped Trog.
Trog was greatly pleased with you.
You visited 2 branches of the dungeon, and saw 14 of its levels.
You visited the Abyss 1 time.

You collected 1159 gold pieces.
You spent 90 gold pieces at shops.

Inventory:

Hand Weapons
 l - a +4 vorpal flail
 t - a +2 whip of draining
 x - a +1 whip of draining
 H - a +0 eveningstar of protection (weapon)
Missiles
 c - 28 boomerangs
 B - 2 javelins (quivered)
 D - a throwing net
 I - 5 silver javelins
Armour
 j - a +1 kite shield of protection (worn)
 o - a +1 cloak (worn)
 q - a +5 plate armour (worn)
 P - a +0 pair of boots (worn)
Jewellery
 e - the ring "Tufac" (right hand) {Will+ Str+5 SInv Stlth-}
   (You acquired it on level 5 of the Dungeon)

   [ring of willpower]

   Str:       It affects your strength (+5).
   SInv:      It lets you see invisible.
   Will:      It increases your willpower.
   Stlth:     It makes you less stealthy.
 u - a +4 ring of evasion (left hand)
 w - a ring of ice
 E - a ring of positive energy
 G - the ring "Kiesh" {rCorr Str+7 Stlth+}
   (You acquired it on level 10 of the Dungeon)

   [ring of resist corrosion]

   Str:       It affects your strength (+7).
   rCorr:     It protects you from acid and corrosion.
   Stlth:     It makes you more stealthy.
 M - a ring of ice
 O - a ring of see invisible
Wands
 a - a wand of roots (35)
 b - a wand of flame (30)
 A - a wand of mindburst (10)
Scrolls
 k - 2 scrolls of fear
 p - a scroll of vulnerability {unknown}
 v - 2 scrolls of blinking
 y - 5 scrolls of fog
 C - 4 scrolls of identify
 F - a scroll of amnesia {unknown}
 J - a scroll of silence {unknown}
 L - a scroll of enchant armour
Potions
 d - 9 potions of curing
 f - 6 potions of invisibility
 g - 4 potions of flight
 h - a potion of heal wounds
 i - 2 potions of degeneration {unknown}
 m - 2 potions of haste {unknown}
 n - 3 potions of berserk rage {unknown}
 r - 4 potions of mutation
 s - a potion of attraction {unknown}
 N - a potion of resistance {unknown}
Miscellaneous
 K - a phial of floods


   Skills:
 + Level 13.6 Fighting
 + Level 17.0 Maces & Flails
 + Level 0.7 Throwing
 + Level 14.4 Armour
 + Level 5.1 Dodging
 + Level 2.1 Stealth
 + Level 4.7 Shields
 + Level 1.1 Evocations


You had 12 spell levels left.
You didn't know any spells.
Your spell library was empty.

Dungeon Overview and Level Annotations

Branches:
Dungeon (12/15)            Temple (0/1) D:5            Lair (0/5) D:8
    Orc (2/2) D:9             Elf (0/3) Orc:2

Altars:
Cheibriados
Dithmenos
Fedhas
Gozag
Kikubaaqudgha
Makhleb
Okawaru
Sif Muna
Uskayaw
Vehumet
Wu Jian
Yredelemnul
The Shining One

Shops:
D:11 !   Orc:2 [!:

Portals:
Bailey: D:8

Annotations:
D:6 3 runed translucent doors, SirLogeyBear's ghost, novice HOBe; Smersh616's ghost, weakling DrDe; hawla's ghost, novice MeFE; kamileon1's ghost, novice OpDe
D:9 exclusions: oklob plant and oklob sapling
D:10 1 runed translucent door


Innate Abilities, Weirdness & Mutations

You have a pair of horns on your head.
You reflexively headbutt those who attack you in melee.


Message History

* * * LOW HITPOINT WARNING * * *
The ogre mage mumbles some strange words.
The ogre mage flickers and vanishes for a moment.
The red devil hits you but does no damage.
Your orc closely misses the smoke demon.
The smoke demon attacks as you move away!
You block the smoke demon's attack. x2; The smoke demon closely misses you.
The sixfirhy attacks as you move away! You block the sixfirhy's attack.
You feel sick. The smoke demon hits your orc.
The smoke demon barely misses your orc. The smoke demon hits your orc.
Your orc dies!
Your orc's corpse dissolves into shadows!
The red devil hits your orc with a +0 trident!
Your orc dies!
Your orc's corpse dissolves into shadows!
You block the sixfirhy's attack.
Blink to where?
Press: ? - help, Dir - move target
Okay, then.
Blink to where?
Press: ? - help, Dir - move target
Okay, then.
Blink to where?
Press: ? - help, Dir - move target
Okay, then.
Unknown command.
Your skin crawls.
You feel strong-willed. Trog will no longer gift you weapons.
You feel sick.
The smoke demon disappears in a puff of smoke!
You block the sixfirhy's attack. The sixfirhy hits you.
* * * LOW HITPOINT WARNING * * *
The sixfirhy shocks you!
* * * LOW HITPOINT WARNING * * *
The sixfirhy hits you but does no damage.
The sixfirhy hits you.
* * * LOW HITPOINT WARNING * * *
The sixfirhy shocks you!
You die...

...## ##≈###8..##
#≈§#_.....###+++## .
#≈§#.............. ..
#≈.8............§. ...
#.^.......≈≈≈≈§≈≈ ....
###.....)))§# .....
#≈#'#)###§..#####...###+#+#≈#
#≈...).##≈))@3Ooo..≈##.....≈#
#§..8..##≈....§o...≈##.§8..≈#
##§§..§§##≈.8..∩4.8.≈##§....≈#
#§§≈..§§###############≈...≈≈§
#≈≈≈≈..≈≈§≈≈≈≈≈≈≈≈≈≈≈≈≈≈..§≈≈≈
#≈≈≈≈.§..§.......))......§§≈≈≈
#≈≈≈≈......).....).)......≈≈≈≈
#§≈≈....#......8......#....§§≈
##≈≈8..≈#≈..#.....#.§≈#≈..8§≈#


You could see an ogre mage (invisible), a sixfirhy (summoned), 2 orc sorcerers,
a red devil (summoned) and an orc wizard (invisible).

Vanquished Creatures
  2 tentacled starspawn (Abyss:1)
  The ghost of purpskrrrp the Geomancer, a journeyman DrCj of Vehumet (D:12)
  Snorg (D:11)
  Josephine (Orc:2)
  Fannar (D:11)
  Erolcha (D:10)
  2 ogre magi (Orc:2)
  A centaur warrior (D:11)
  5 two-headed ogres
  Urug (D:10)
  A spatial maelstrom (Abyss:1)
  5 orc sorcerers
  A cyclops (D:11)
  An orange demon (Abyss:1)
  A gargoyle (D:12)
  Psyche (D:10)
  4 kobold demonologists
  An efreet (D:11)
  A hellwing (Abyss:1)
  3 trolls
  Prince Ribbit (D:8)
  Sigmund (D:4)
  4 hogs (D:11)
  A shadow (D:11)
  A vampire (D:9)
  7 wraiths
  2 wyverns
  21 yaks
  A human (D:11)
  2 steam dragons
  6 vampire mosquitoes
  A spatial vortex (Abyss:1)
  2 small abominations (Abyss:1)
  A warg (Orc:2)
  2 acid dragons (D:11)
  Duvessa (D:5)
  16 orc warriors
  A black bear (D:6)
  A sky beast (D:8)
  An ice beast (D:6)
  3 wolves (D:8)
  4 ogres
  6 centaurs
  2 phantoms
  3 kobold brigands
  A necrophage (D:4)
  3 bullfrogs
  A scorpion (D:5)
  3 wights (Abyss:1)
  Dowan (D:5)
  3 killer bees (D:7)
  An electric eel (D:8)
  A howler monkey (D:5)
  7 orc priests
  7 hounds
  A gnoll bouda (D:8)
  3 iguanas
  Natasha (twice) (D:3)
  26 orc wizards
  12 adders
  9 gnolls
  A white imp (D:8)
  An ufetubus (D:5)
  2 dart slugs (D:1)
  A worm (D:2)
  46 orcs
  5 bats
  8 endoplasms
  3 giant cockroaches
  7 goblins
  7 hobgoblins
  5 jackals
  16 kobolds
  3 quokkas
  2 training dummies (D:5)
  10 ball pythons
  2 frilled lizards
  8 rats
  A lurking horror (Abyss:1)
  2 starspawn tentacles (Abyss:1)
337 creatures vanquished.

Vanquished Creatures (collateral kills)
  Nergalle (Orc:2)
  An ogre (Orc:2)
  2 orc wizards (Orc:2)
4 creatures vanquished.

Vanquished Creatures (others)
  A human (D:10)
  2 orc wizards (Orc:2)
  2 plants (D:9)
  4 starspawn tentacles (Abyss:1)
9 creatures vanquished.

Grand Total: 350 creatures vanquished

Notes
Turn   | Place    | Note
-------+----------+-------------------------------------------
     0 | D:1      | mampy3000 the Minotaur Berserker began the quest for the
                  | Orb.
     0 | D:1      | Reached XP level 1. HP: 19/19 MP: 0/0
   166 | D:1      | Found a faded altar of an unknown god.
   208 | D:1      | Reached XP level 2. HP: 27/27 MP: 1/1
   236 | D:1      | Reached skill level 4 in Maces & Flails
   508 | D:1      | Reached XP level 3. HP: 33/33 MP: 2/2
   805 | D:1      | Reached ** piety under Trog
  1719 | D:2      | Reached XP level 4. HP: 36/41 MP: 3/3
  2265 | D:2      | Reached skill level 5 in Maces & Flails
  2356 | D:3      | Reached XP level 5. HP: 44/47 MP: 4/4
  2795 | D:3      | Noticed Natasha
  2797 | D:3      | Killed Natasha
  2844 | D:3      | Noticed Natasha
  2850 | D:3      | Killed Natasha
  3098 | D:4      | Found a blossoming altar of Fedhas.
  3125 | D:4      | Noticed Sigmund
  3132 | D:4      | Killed Sigmund
  3133 | D:4      | Reached skill level 5 in Fighting
  3133 | D:4      | Reached skill level 6 in Maces & Flails
  3133 | D:4      | Reached skill level 1 in Stealth
  3133 | D:4      | Reached XP level 6. HP: 56/56 MP: 5/5
  3230 | D:4      | Found an iron altar of Okawaru.
  3743 | D:4      | Found a shimmering blue altar of Sif Muna.
  3788 | D:4      | Reached XP level 7. HP: 61/61 MP: 6/6
  3907 | D:5      | Entered Level 5 of the Dungeon
  3956 | D:5      | Found a radiant altar of Vehumet.
  3993 | D:5      | Found a hide-covered altar of Uskayaw.
  3998 | D:5      | Reached skill level 7 in Maces & Flails
  3998 | D:5      | Reached skill level 5 in Armour
  4210 | D:5      | Noticed Duvessa
  4210 | D:5      | Noticed Dowan
  4217 | D:5      | Killed Duvessa
  4223 | D:5      | Killed Dowan
  4339 | D:5      | Identified a scroll of acquirement
  4339 | D:5      | Acquired the ring "Tufac" {Will+ Str+5 SInv Stlth-}
  4493 | D:5      | Reached *** piety under Trog
  4494 | D:5      | Reached skill level 8 in Maces & Flails
  4498 | D:5      | Found a staircase to the Ecumenical Temple.
  4614 | D:5      | Reached XP level 8. HP: 70/70 MP: 7/7
  4964 | D:6      | Found a glowing golden altar of the Shining One.
  5029 | D:6      | Reached skill level 9 in Maces & Flails
  5221 | D:6      | Reached skill level 10 in Maces & Flails
  5321 | D:6      | Found a burning altar of Makhleb.
  5641 | D:6      | Found a runed translucent gate.
  5642 | D:6      | Found a runed translucent gate.
  5642 | D:6      | Found a runed translucent gate.
  5643 | D:6      | Noticed hawla's ghost (novice MeFE)
  5643 | D:6      | Noticed kamileon1's ghost (novice OpDe)
  5643 | D:6      | Noticed SirLogeyBear's ghost (novice HOBe)
  5643 | D:6      | Noticed Smersh616's ghost (weakling DrDe)
  5800 | D:7      | Found a shadowy altar of Dithmenos.
  5801 | D:7      | Found a basalt altar of Yredelemnul.
  5801 | D:7      | Found an opulent altar of Gozag.
  5908 | D:7      | Reached XP level 9. HP: 77/78 MP: 8/8
  6463 | D:7      | Noticed a deep troll
  6465 | D:7      | Noticed a deep troll
  6465 | D:7      | Noticed a deep troll
  6466 | D:7      | Noticed a deep troll
  6565 | D:8      | Noticed Prince Ribbit
  6566 | D:8      | Noticed a troll
  6580 | D:8      | Reached skill level 11 in Maces & Flails
  6581 | D:8      | Killed a troll
  6602 | D:8      | Found a staircase to the Lair.
  6607 | D:8      | Killed Prince Ribbit
  6660 | D:8      | Noticed a two-headed ogre
  6668 | D:8      | Killed a two-headed ogre
  6669 | D:8      | Reached skill level 12 in Maces & Flails
  6817 | D:8      | Reached skill level 1 in Evocations
  6817 | D:8      | Reached XP level 10. HP: 88/88 MP: 9/9
  6837 | D:8      | Found a snail-covered altar of Cheibriados.
  7068 | D:8      | Found a flagged portal.
  7312 | D:9      | Reached **** piety under Trog
  7324 | D:9      | Noticed a two-headed ogre
  7343 | D:9      | Killed a two-headed ogre
  7442 | D:9      | Found a staircase to the Orcish Mines.
  7480 | D:9      | Noticed an oklob plant
  7519 | D:9      | Reached skill level 13 in Maces & Flails
  7521 | D:9      | Reached skill level 10 in Armour
  8021 | D:9      | Found an ornate altar of the Wu Jian Council.
  8313 | D:10     | Entered Level 10 of the Dungeon
  8362 | D:10     | Reached skill level 10 in Fighting
  8688 | D:10     | Found a runed translucent door.
  8688 | D:10     | Noticed a deep elf pyromancer
  8689 | D:10     | Noticed a deep elf pyromancer
  8719 | D:10     | Reached XP level 11. HP: 100/100 MP: 10/10
  8727 | D:10     | Reached skill level 14 in Maces & Flails
  8748 | D:10     | Noticed a sun demon
  8761 | D:10     | Acquired the ring "Kiesh" {rCorr Str+7 Stlth+}
  9246 | D:10     | Noticed Urug
  9247 | D:10     | Noticed a two-headed ogre
  9252 | D:10     | Killed a two-headed ogre
  9260 | D:10     | Killed Urug
  9330 | D:10     | Found an ancient bone altar of Kikubaaqudgha.
  9334 | D:10     | Noticed Psyche
  9341 | D:10     | Killed Psyche
  9451 | D:10     | Noticed a two-headed ogre
  9460 | D:10     | Killed a two-headed ogre
  9513 | D:10     | Noticed Erolcha
  9514 | Abyss:1  | Cast into level 1 of the Abyss (Erolcha)
  9606 | Abyss:1  | Noticed a spatial maelstrom
  9618 | Abyss:1  | Killed a spatial maelstrom
  9657 | Abyss:1  | Reached skill level 15 in Maces & Flails
  9751 | Abyss:1  | Found a corrupted altar of Lugonu.
  9810 | Abyss:1  | Noticed a starcursed mass
  9864 | Abyss:1  | Noticed a tentacled starspawn
  9875 | Abyss:1  | Killed a tentacled starspawn
  9883 | Abyss:1  | Noticed a tentacled starspawn
  9895 | Abyss:1  | Killed a tentacled starspawn
  9898 | D:10     | Escaped the Abyss
  9914 | D:10     | Killed Erolcha
  9915 | D:10     | Reached XP level 12. HP: 67/110 MP: 11/11
 10310 | D:11     | Noticed Snorg
 10317 | D:11     | Noticed Fannar
 10330 | D:11     | Killed Snorg
 10331 | D:11     | Reached skill level 16 in Maces & Flails
 10556 | D:11     | Killed Fannar
 10557 | D:11     | Reached skill level 1 in Shields
 10711 | D:11     | Found Vink's Distillery.
 11113 | D:11     | Noticed a centaur warrior
 11120 | D:11     | Killed a centaur warrior
 12057 | D:12     | Found a runed translucent gate.
 12057 | D:12     | Found a runed translucent gate.
 12057 | D:12     | Found a runed translucent gate.
 12057 | D:12     | Noticed purpskrrrp's ghost (journeyman DrCj)
 12059 | D:12     | Identified the +8 chain mail of Defence {rF- Str+3 Stlth+}
 12277 | D:12     | Killed purpskrrrp's ghost
 12643 | Orc:1    | Entered Level 1 of the Orcish Mines
 12749 | Orc:2    | Entered Level 2 of the Orcish Mines
 12954 | Orc:2    | Reached ***** piety under Trog
 12955 | Orc:2    | Reached skill level 5 in Dodging
 13067 | Orc:2    | Noticed Josephine
 13077 | Orc:2    | Killed Josephine
 13230 | Orc:2    | Found a staircase to the Elven Halls.
 13339 | Orc:2    | Noticed a two-headed ogre
 13346 | Orc:2    | Killed a two-headed ogre
 13405 | Orc:2    | Reached XP level 13. HP: 122/122 MP: 12/12
 13421 | Orc:2    | Found Rehuzeb's Book Boutique.
 13422 | Orc:2    | Paralysed by an ogre mage for 4 turns
 13493 | Orc:2    | Found Imausasa's Antique Armour Shop.
 13506 | Orc:2    | Bought a pair of boots for 90 gold pieces
 13524 | Orc:2    | Found an ancient bone altar of Kikubaaqudgha.
 13532 | Orc:2    | Noticed Nergalle
 13545 | Orc:2    | Killed Nergalle
 13575 | Orc:2    | Found Heleani's Distillery.
 13579 | Orc:2    | Reached skill level 17 in Maces & Flails
 13601 | Orc:2    | Paralysed by an ogre mage for 5 turns
 13612 | Orc:2    | HP: 5/119 [orc sorcerer/bolt of negative energy (18)]
 13616 | Orc:2    | Slain by a sixfirhy

Illustrated notes

Levels and vault maps discovered:
D:1:      dpeg_chamrin_arrival_tetris, layout_loops_cross,
          basic_ecumenical_altar
D:2:      layout_loops_ring, fountainhead
D:3:      layout_loops_ring, uniq_natasha
D:4:      layout_loops_ring, mainiacjoe_overflow_catwalk, fedhas_ov_isle_minmay,
          marbit_many_paths, uniq_sigmund
D:5:      dreamdust_elfheim, layout_gridville, eat_drink_and_be_merry_uskayaw,
          nicolae_vehumet_altar_sigil, temple_doors_e, roderic_roman_lattice,
          kennysheep_flooded_box
D:6:      layout_basic, kennysheep_mini_moat, overflow_temple_1_default,
          gammafunk_ghost_cemetery, kennysheep_generic_room_5
D:7:      layout_layer_cave, nicolae_overflow_quartered_altars,
          hellmonk_guarded_unrand_vitality_bloodlust
D:8:      layout_rooms, lemuel_round_altar, erik_lair_island, enter_bailey_4,
          uniq_prince_ribbit1
D:9:      layout_irregular_city, amcnicky_altar_gilded, orc_0_dummy,
          dreamdust_mushroom_princess, introduction_to_nature_1
D:10:     layout_stronghold, tgw_kikubaaqudgha, minmay_st_funbox, uniq_psyche,
          uniq_erolcha, uniq_urug
D:11:     layout_loops_ring, serial_shops, nicolae_inconvenience_store,
          grunt_livestock, uniq_fannar, uniq_snorg
D:12:     layout_basic, biasface_ghost_orc_armoury
Orc:1:    layout_diamond_mine, serial_shops, nicolae_shop_advertising_works
          [nicolae_subvault_shop_adworks], minmay_orc_temple_c
Orc:2:    kennysheep_orc_mage_school, layout_diamond_mine, uniq_josephine

Skill      XL: |  1  2  3  4  5  6  7  8  9 10 11 12 13 |
---------------+----------------------------------------+-----
Maces & Flails | 4 5 6 8 10 12 13 15 16 17 | 17.0
Fighting       | 4 5 6 7 10 11 13 | 13.6
Dodging        | 3 4 5 |  5.1
Armour         | 3 4 6 7 9 10 12 14 | 14.4
Stealth        | 1 2 |  2.1
Evocations     | 1 |  1.1
Shields        | 4 |  4.7
Throwing       | |  0.7

Action                   |  1- 3 |  4- 6 |  7- 9 | 10-12 | 13-15 || total
-------------------------+-------+-------+-------+-------+-------++-------
Melee: Whip              |    97 |    10 |       |       |       ||   107
       Headbutt          |    14 |    10 |    18 |    95 |     7 ||   144
       Mace              |     1 |       |       |       |       ||     1
       Punch             |     1 |     1 |     3 |     1 |       ||     6
       Flail             |       |    72 |   165 |   166 |       ||   403
       Eveningstar       |       |       |       |   286 |    39 ||   325
Throw: Javelin           |       |       |       |     6 |       ||     6
Invok: Trog's Hand       |     1 |       |     2 |     8 |     3 ||    14
       Berserk           |       |     4 |     9 |    23 |     2 ||    38
       Brothers in Arms  |       |       |       |       |     1 ||     1
Evoke: Wand              |       |       |     6 |       |       ||     6
  Use: Scroll            |     4 |     4 |    10 |     8 |     2 ||    28
       Potion            |       |       |       |     1 |     2 ||     3
 Stab: Sleeping          |     3 |       |       |       |       ||     3
Armor: Animal skin       |    19 |       |       |       |       ||    19
       Scale mail        |     1 |    22 |       |       |       ||    23
       Chain mail        |       |     4 |       |       |       ||     4
       Plate armour      |       |    13 |   108 |   272 |    45 ||   438
Dodge: Dodged            |    57 |    25 |   136 |   300 |    21 ||   539
Block: Kite shield       |       |       |       |    86 |    24 ||   110
